 Dungeon Crawl Stone Soup version 0.20.1-1-g8b1a95d (webtiles) character file.

55 digijack the Ruffian (level 3, -6/30 (33) HPs)
             Began as a Ghoul Monk on Oct 7, 2017.
             Mangled by a worm (8 damage)
             ... on level 2 of the Dungeon.
             The game lasted 00:22:26 (2839 turns).

digijack the Ruffian (Ghoul Monk)                   Turns: 2839, Time: 00:22:26

HP:   -6/30 (33)    AC:  4    Str: 15    XL:     3   Next: 93%
MP:   2/2           EV: 12    Int:  5    God:
Gold: 116           SH:  0    Dex: 11    Spells: 2/2 levels left

rFire    . . .     SeeInvis .     - Unarmed
rCold    + . .     Gourm    .   (no shield)
rNeg     + + +     Faith    .   a - +1 robe
rPois    ∞         Spirit   .   (no helmet)
rElec    .         Reflect  .   (no cloak)
rCorr    .         Harm     .   i - +0 pair of gloves
MR       .....                  (no boots)
Stlth    ++........             g - amulet of inaccuracy (curse)
Regen    0.0/turn               (no ring)
MPRegen  0.1/turn               (no ring)

@: rotting
A: rotting body, claws 1, carnivore 3, cold resistance 1, negative energy
resistance 3, inhibited regeneration, torment resistance, unbreathing
a: no special abilities


You were on level 2 of the Dungeon.
You were not hungry.

You visited 1 branch of the dungeon, and saw 2 of its levels.

You collected 116 gold pieces.

Inventory:

Hand Weapons
 p - a +0 hunting sling
Missiles
 e - 78 stones (quivered)
 h - 2 tomahawks
 j - 49 sling bullets
 l - 37 arrows
 o - 18 poisoned needles
Armour
 a - a +1 robe (worn)
 i - a +0 pair of gloves (worn)
 k - a +0 leather armour
Jewellery
 g - a cursed amulet of inaccuracy (around neck)
Scrolls
 d - 5 scrolls of identify
Potions
 c - a potion of resistance
 n - a potion of curing
 q - a potion of lignification {unknown}
Comestibles
 b - a meat ration
 f - 2 bread rations
 m - a royal jelly


   Skills:
 + Level 3.7 Fighting
 - Level 2.7 Dodging
 * Level 3.2 Stealth
 + Level 4.2 Unarmed Combat


You had 2 spell levels left.
You didn't know any spells.

Dungeon Overview and Level Annotations

Branches:
Dungeon (2/15)

Altars:
The Shining One


Innate Abilities, Weirdness & Mutations

Your body is rotting away.
You thrive on raw meat.
You are immune to poison.
You have sharp fingernails.
You are carnivorous and can eat meat at any time.
Your flesh is cold resistant. (rC+)
You are immune to negative energy. (rN+++)
You do not regenerate when monsters are visible.
You are immune to unholy pain and torment.
You can survive without breathing.


Message History

You hit the goblin.
You kill the goblin!
You hit the worm.
The worm is moderately wounded.
You hit the worm.
The worm is heavily wounded.
The worm bites you.
* * * LOW HITPOINT WARNING * * *
You barely miss the worm.
The worm is heavily wounded.
You hit the worm but do no damage.
The worm is heavily wounded.
The worm bites you!
* * * LOW HITPOINT WARNING * * *
You hit the worm.
The worm is severely wounded.
You hit the worm.
The worm is almost dead.
The worm bites you!
You die...

########### #...##.##..#.##.
#..##...##...##. #
########### ##)#..#..#...#..
# ..........#
#.#.#.#.#...... #
..........# ##....#....#.#..
..........# #..#.#.#.#......
# .......%..#
#..#..#..#.)#..# #
..........###..##...##..#..#
#
(.........w@....##)##...####
# (.........###.#.......###
# ########'## #......#.## #
#....#....###.# #
#########.#........# #...)#
#.#......### ########.##.#
#.##...#.# ......##.#..#
#.>...##.#
.#..#.##.#..####.#....#.#


You could see a worm.

Vanquished Creatures
  An adder (D:2)
  A worm (D:2)
  3 dart slugs
  A giant cockroach (D:2)
  2 goblins
  5 hobgoblins
  2 jackals (D:2)
  9 bats
  A frilled lizard (D:2)
  6 kobolds
  5 rats
36 creatures vanquished.

Notes
Turn   | Place    | Note
-------+----------+-------------------------------------------
     0 | D:1      | digijack the Ghoul Monk began the quest for the Orb.
     0 | D:1      | Reached XP level 1. HP: 19/19 MP: 0/0
   489 | D:1      | Found a glowing golden altar of the Shining One.
   546 | D:1      | Reached XP level 2. HP: 20/26 MP: 1/1
  1756 | D:2      | Reached XP level 3. HP: 27/29 MP: 2/2
  1853 | D:2      | Reached skill level 4 in Unarmed Combat
  2411 | D:2      | HP: 1/30 [hobgoblin/club (5)]
  2839 | D:2      | Mangled by a worm

Skill      XL: |  1  2  3 |
---------------+----------+-----
Unarmed Combat | 4 |  4.2
Stealth        | 3 |  3.2
Fighting       | |  3.7
Dodging        | |  2.7

Action                   || total
-------------------------++-------
Melee: Unarmed           ||   217
 Fire: Hunting sling     ||     4
Throw: Stone             ||    13
  Use: Scroll            ||     9
       Potion            ||     4
  Eat: Chunk             ||     8
       Meat ration       ||     1
Armor: Robe              ||    93
Dodge: Dodged            ||   212
